Map: Lost and Found LE

Players

Reynor - Winner!

  • Race: Zerg Zerg
  • League: Master
  • Spawn Location: 1:00

goblin

  • Race: Protoss Protoss
  • Spawn Location: 7:00

Event: HomeStory Cup XVIII

VOD

Have the link to the VOD?

Description

Time

  • Played on: Nov. 22, 2018, 10:54 a.m.
  • Length: 6:37

All games in this series

Show
View Real Time Build Order
Export as new Build Order

Reynor Zerg - Winner!

Build Orders: Pool First 

Get SALT Encoding   

  12  0:00  Drone  
  13  0:13  Overlord  
  13  0:16  Drone  
  14  0:31  Drone x2  
  14  0:35  Drone  
  17  0:36  Extractor  
  16  0:46  Spawning Pool  
  16  0:49  Drone  
  16  0:56  Drone  
  17  1:17  Hatchery  
  16  1:31  Drone  
  16  1:32  Zergling x4  
  19  1:39  Queen  
  19  1:46  Metabolic Boost  
  21  1:54  Overlord  
  21  1:57  Drone  
  22  2:13  Drone  
  22  2:15  Queen, Drone  
  26  2:25  Drone  
  26  2:29  Drone  
  28  2:35  Drone  
  29  2:40  Drone  
  30  2:44  Hatchery  
  30  2:46  Drone  
  30  2:49  Zergling x2  
  31  2:51  Zergling x2  
  31  2:56  Overlord  
  32  2:58  Drone  
  32  3:01  Drone  
  32  3:03  Drone  
  35  3:10  Drone  
  36  3:15  Spore Crawler  
  36  3:19  Drone x3  
  39  3:20  Queen  
  39  3:24  Drone  
  42  3:27  Drone  
  42  3:30  Pneumatized Carapace  
  43  3:34  Drone  
  43  3:39  Overlord  
  43  3:48  Overlord  
  43  3:53  Overlord  
  42  3:57  Drone x4  
  42  3:58  Drone  
  42  4:01  Spore Crawler  
  46  4:03  Zergling x4  
  46  4:07  Overlord  
  46  4:09  Drone, Lair  
  50  4:10  Drone  
  50  4:16  Spore Crawler  
  50  4:17  Queen  
  49  4:21  Drone x2  
  53  4:25  Zergling x2  
  53  4:26  Extractor, Zergling x2  
  53  4:28  Extractor, Drone  
  53  4:30  Spore Crawler  
  53  4:31  Drone  
  54  4:39  Roach Warren  
  54  4:44  Spore Crawler  
  52  4:47  Overlord  
  53  4:53  Drone x4  
  53  4:56  Queen  
  60  5:02  Overlord  
  60  5:03  Drone x5  
  65  5:08  Drone, Hydralisk Den, Spore Crawler  
  65  5:10  Zergling x2, Spore Crawler  
  65  5:13  Overlord  
  64  5:20  Overlord  
  64  5:22  Zergling x6  
  64  5:23  Zergling x2  
  68  5:31  Zergling x4  
  68  5:33  Overlord  
  69  5:39  Zergling x14  
  74  5:44  Zergling x6  
  73  5:51  Zergling x6  
  73  5:55  Spore Crawler  
  75  5:59  Zergling x10  
  79  6:10  Drone x3  
  79  6:16  Spore Crawler  
Show
View Real Time Build Order
Export as new Build Order

goblin Protoss 

Build Orders: 1 Gate Expand, Oracle Opening, Phoenix Opening, Mass Phoenix 

Get SALT Encoding   

  12  0:00  Probe  
  13  0:12  Probe  
  14  0:19  Pylon  
  14  0:24  Probe  
  15  0:34  Probe  
  15  0:38  Gateway  
  15  0:42  Probe  
  16  0:47  Assimilator  
  17  0:51  Probe  
  18  1:03  Probe  
  20  1:24  Nexus  
  19  1:32  Cybernetics Core  
  19  1:34  Probe  
  20  1:41  Assimilator  
  20  1:46  Pylon  
  20  1:49  Probe  
  20  1:59  Adept  
  20  2:01  Probe  
  23  2:13  Probe  
  24  2:18  Stargate, Adept  
  24  2:27  Probe  
  27  2:33  Pylon  
  27  2:35  Warp Gate  
  27  2:38  Probe  
  27  2:42  Probe  
  29  2:46  Probe  
  30  2:54  Probe x2  
  31  3:02  Phoenix  
  31  3:05  Probe  
  34  3:06  Probe  
  36  3:15  Probe  
  36  3:18  Probe  
  36  3:23  Assimilator, Probe  
  36  3:25  Assimilator  
  36  3:28  Oracle  
  36  3:31  Probe x2  
  41  3:39  Pylon  
  42  3:43  Probe x2  
  42  3:47  Shield Battery, Adept  
  46  3:55  Probe  
  47  4:03  Stargate  
  47  4:07  Probe  
  48  4:12  Stargate  
  48  4:15  Probe  
  49  4:19  Probe  
  49  4:22  Pylon  
  50  4:27  Phoenix, Probe  
  50  4:30  Protoss Air Weapons Level 1  
  53  4:31  Probe  
  54  4:39  Probe  
  54  4:40  Phoenix  
  54  4:43  Phoenix, Probe  
  60  4:53  Pylon  
  60  4:56  Phoenix  
  60  4:58  Zealot  
  64  5:06  Phoenix, Pylon  
  66  5:15  Probe  
  66  5:16  Probe  
  66  5:18  Phoenix  
  70  5:23  Phoenix  
  70  5:26  Nexus  
  70  5:28  Shield Battery  
  72  5:31  Zealot  
  72  5:37  Phoenix  
  72  5:43  Phoenix  
  74  5:51  Probe x2  
  74  5:52  Phoenix  
  74  5:55  Shield Battery  
  78  5:57  Pylon, Adept  
  80  6:09  Twilight Council  
  80  6:10  Gateway  
  78  6:11  Gateway  
  78  6:14  Pylon  
  80  6:34  Adept  
Tags
 
Add a new tag
Caveats
  • Supply blocks, unpowered buildings, or Contaminate may cause inaccurate times.
  • Supply counts are checked every 10 seconds.